 Dungeon Crawl Stone Soup version 0.30.0-15-g856e2d3f33 (webtiles) character file.

Game seed: 9203645746252177776

8278 Firecrotchwizard the Severer (level 11, 0/101 HPs)
             Began as a Hill Orc Monk on May 19, 2023.
             Was a Priest of Beogh.
             Slain by a molten gargoyle
             ... wielding a +0 morningstar
              (11 damage)
             ... on level 10 of the Dungeon on May 20, 2023.
             The game lasted 00:18:37 (9568 turns).

Firecrotchwizard the Severer (Hill Orc Monk)        Turns: 9568, Time: 00:18:37

Health: 0/101      AC: 19    Str: 25    XL:     11   Next: 28%
Magic:  25/25      EV:  8    Int: 10    God:    Beogh [***...]
Gold:   997        SH:  0    Dex: 13    Spells: 10/10 levels left

rFire   . . .        B - +3 war axe (elec)
rCold   . . .        d - orb {light}
rNeg    . . .        M - +0 plate armour
rPois   .            S - +1 helmet
rElec   .            h - +0 cloak
rCorr   .            (no gloves)
SInv    .            N - +0 pair of boots
Will    .....        e - amulet of the acrobat Stlth
                     n - +6 ring of strength
HPRegen 0.36/turn    J - ring of magical power
MPRegen 0.19/turn

%: acrobat
@: glowing
A: no striking features
a: Renounce Religion, Smiting


You were on level 10 of the Dungeon.
You worshipped Beogh.
Beogh was most pleased with you.
You visited 1 branch of the dungeon, and saw 10 of its levels.

You collected 997 gold pieces.

Inventory:

Hand Weapons
 a - a +0 hand axe of flaming
 r - a +3 war axe of freezing
 s - a +2 dagger of venom
 B - a +3 war axe of electrocution (weapon)
Missiles
 f - 3 curare-tipped darts (quivered)
 u - 19 poisoned darts
 K - 2 throwing nets {@!f}
Armour
 b - a +0 robe
 d - an orb of light (worn)
 h - a +0 cloak (worn)
 p - +0 acid dragon scales
 v - a +0 ring mail
 w - a +0 chain mail
 D - a +0 scale mail
 M - a +0 plate armour (worn)
 N - a +0 pair of boots (worn)
 S - a +1 helmet (worn)
Jewellery
 e - an amulet of the acrobat (around neck)
 n - a +6 ring of strength (left hand)
 o - an amulet of magic regeneration
 y - the necklace of Bloodlust {Fury *Rage Will++ Int-3 Slay+6}
   (You found it on level 8 of the Dungeon)

   [amulet of nothing]

   Fury:      It extends the wearer's berserk rage when killing foes.
   Int:       It affects your intelligence (-3).
   Slay:      It affects your accuracy & damage with ranged weapons and melee
   (+6).
   *Rage:     It berserks you when you make melee attacks (+50% chance).
   Will:      It greatly increases your willpower.
 C - a ring of flight
 J - a ring of magical power (right hand)
 O - a ring of see invisible
Wands
 F - a wand of acid (3)
 H - a wand of polymorph (4)
 P - a wand of flame (6)
Scrolls
 g - a scroll of magic mapping
 i - a scroll of identify
 j - 2 scrolls of fear
 m - 3 scrolls of immolation
 t - 5 scrolls of teleportation
 L - a scroll of butterflies {unknown}
 Q - a scroll of enchant armour {unknown}
 R - 2 scrolls of noise {unknown}
Potions
 c - 3 potions of ambrosia
 k - a potion of might
 l - 4 potions of flight
 q - 3 potions of heal wounds
 x - 3 potions of brilliance
 z - 3 potions of mutation
 A - a potion of berserk rage
 E - a potion of magic {unknown}
 G - 5 potions of curing
 I - 3 potions of attraction


   Skills:
 + Level 10.4 Fighting
 * Level 15.2 Axes
 + Level 8.9 Armour
 - Level 2.4 Dodging
 + Level 7.1 Invocations


You had 10 spell levels left.
You didn't know any spells.
Your spell library contained the following spells:

 Spells                   Type           Power      Damage    Failure   Level
 Apportation              Tloc           0%         N/A       99%         1
 Necrotise                Necr           0%         1d4       99%         1
 Summon Small Mammal      Summ           0%         N/A       99%         1
 Blink                    Tloc           0%         N/A       99%         2
 Ensorcelled Hibernation  Hex/Ice        0%         N/A       99%         2
 Lesser Beckoning         Tloc           0%         N/A       99%         2
 Gell's Gravitas          Tloc           0%         N/A       100%        3
 Spider Form              Tmut/Pois      0%         N/A       100%        3
 Teleport Other           Tloc           0%         N/A       100%        3
 Anguish                  Hex/Necr       0%         N/A       100%        4
 Animate Dead             Necr           0%         N/A       100%        4
 Manifold Assault         Tloc           0%         N/A       100%        4
 Alistair's Intoxication  Tmut/Pois      0%         N/A       100%        5
 Borgnjor's Vile Clutch   Necr/Erth      0%         N/A       100%        5
 Death Channel            Necr           0%         N/A       100%        6
 Eringya's Noxious Bog    Tmut/Pois      0%         N/A       100%        6
 Storm Form               Tmut/Air       0%         N/A       100%        7


Dungeon Overview and Level Annotations

Branches:
Dungeon (10/15)            Temple (0/1) D:5            Lair (0/5) D:9
    Orc (0/2) D:9

Altars:
Ashenzari
Cheibriados
Dithmenos
Fedhas
Gozag
Makhleb
Nemelex Xobeh
Okawaru
Sif Muna
Trog
Vehumet
Zin

Portals:
Trove: D:10 (lose all piety)


Message History

A molten gargoyle comes into view. It is wielding a +0 mace.
The molten gargoyle moves out of view.
You hit the yak.
The yak is lightly wounded.
You barely miss the yak. The yak gores you but does no damage.
The yak barely misses you.
You slash the yak!
The yak is heavily wounded.
You hit the yak. You hit the yak.
The yak is severely wounded.
You slash the yak! The yak completely misses you.
You hit the yak.
The yak is severely wounded.
You slash the yak! You hit the yak. You barely miss the troll.
The troll bites you! The troll barely misses you.
The troll claws you but does no damage.
The yak gores you but does no damage. x2
Unknown command.
You slash the yak! Lightning courses through the yak!
You kill the yak!
Beogh accepts your kill.
You barely miss the troll. You hit the yak. You slash the yak! You hit the yak.
Beogh blesses you with reinforcements. The yak gores you but does no damage.
The yak barely misses you. The troll bites you.
The troll claws you but does no damage. The troll barely misses you.
The yak barely misses you.
You slash the yak!
The yak is almost dead.
You slash the yak! Lightning courses through the yak! You slash the troll!
You hit the yak. Lightning courses through the yak! You slash the yak!
Lightning courses through the yak!
You kill the yak!
Beogh accepts your kill.
You hit the yak but do no damage. You hit the yak.
Lightning courses through the yak! You hit the troll.
The molten gargoyle hits your orc wizard with a +0 mace!
Your orc wizard is engulfed in flames!
Your orc wizard dies!
The troll barely misses you.
The troll claws you but does no damage. x2
The yak gores you. The yak barely misses you.
Your orc barely misses the yak.
Your orc wizard hits the yak with a +0 dagger.
You hit the yak.
The yak is almost dead.
You hit the troll but do no damage. You slash the yak!
You hit the molten gargoyle but do no damage.
The troll closely misses you.
The troll claws you but does no damage. x2
The yak gores you but does no damage. The yak gores you.
The molten gargoyle hits you but does no damage.
Your orc wizard hits the yak but does no damage.
Your orc completely misses the yak.
Your orc wizard casts a spell at the yak.
The yak appears confused.
You hit the yak.
The yak is almost dead.
You slash the troll! You hit the yak.
You kill the yak!
Beogh accepts your kill.
Your orc wizard looks more experienced.
Your orc looks more experienced.
Your orc wizard looks more experienced.
You hit the molten gargoyle but do no damage.
The troll bites you! The troll claws you but does no damage.
The troll claws you! The yak barely misses you.
The molten gargoyle hits you but does no damage.
Your orc wizard hits the yak with a +0 dagger.
The yak dies!
Beogh accepts your kill.
Your orc wizard looks more experienced.
Your Invocations skill increases to level 7!
You slash the troll!
The troll is severely wounded.
You hit the molten gargoyle but do no damage.
You barely miss the troll.
The troll is severely wounded.
You hit the molten gargoyle but do no damage.
The troll bites you but does no damage.
The troll claws you but does no damage. x2
The molten gargoyle blasts magma at you!
The bolt of magma hits you!
Your orc wizard hits the molten gargoyle but does no damage.
Your orc hits the troll with a +0 mace. You slash the troll!
You kill the troll!
Beogh accepts your kill.
You hit the molten gargoyle. You slash the molten gargoyle!
The molten gargoyle blasts magma at you!
The bolt of magma hits you!!
* * * LOW HITPOINT WARNING * * *
The molten gargoyle hits you with a +0 morningstar!
* * * LOW HITPOINT WARNING * * *
You are engulfed in flames!
* * * LOW HITPOINT WARNING * * *
Your orc barely misses the molten gargoyle.
Your orc wizard hits the molten gargoyle with a +0 dagger.
You hit the molten gargoyle but do no damage.
The molten gargoyle is lightly damaged.
You hit the molten gargoyle but do no damage.
The molten gargoyle hits you but does no damage.
The molten gargoyle hits you with a +0 morningstar.
* * * LOW HITPOINT WARNING * * *
You are engulfed in flames!
You die...

≈.#...... ####.. ≈≈≈
≈≈.#..... #..#..#
§≈≈§≈≈.#...... #...... #
..§.≈...#.#...
#......#.#.#.#.#.#.###..
#......#.#.#.#.#.#####.
.........#.......#....
#.99†)# #.....#.....
#oo@o?###...........
##....##............
###..##............
##.............#.
##...#........#.
#..###.....#... ##.#
#.#.#.#... ###
########.. ###


You could see 2 molten gargoyles, 2 friendly orc wizards and a friendly orc.

Vanquished Creatures
  A two-headed ogre (D:8)
  2 deep trolls (D:8)
  2 ugly things
  Maggie (D:6)
  Prince Ribbit (D:4)
  2 trolls
  A hornet (D:9)
  3 yaks (D:10)
  Eustachio (D:4)
  2 steam dragons
  Edmund (D:4)
  Menkaure (D:5)
  A water moccasin (D:5)
  2 acid dragons (D:9)
  3 orc warriors
  An ice beast (D:5)
  A black bear (D:7)
  2 sky beasts (D:7)
  An ogre (D:4)
  3 centaurs
  2 phantoms (D:6)
  A gnoll sergeant (D:4)
  A bullfrog (D:9)
  3 scorpions
  10 wights
  3 killer bees (D:7)
  2 howler monkeys (D:9)
  An electric eel (D:9)
  A lava snake (D:9)
  3 hounds (D:4)
  A gnoll bouda (D:7)
  4 jellies
  An orc priest (D:10)
  An iguana (D:5)
  A sleepcap (D:4)
  6 orc wizards
  10 gnolls
  3 adders
  A shadow imp (D:7)
  2 white imps (D:7)
  An ufetubus (D:5)
  3 worms
  3 dart slugs
  16 orcs
  3 ball pythons
  7 endoplasms
  3 giant cockroaches
  2 goblins
  6 hobgoblins
  4 jackals (D:1)
  16 kobolds
  A quokka (D:1)
  3 bats
  3 frilled lizards
  7 rats
167 creatures vanquished.

Vanquished Creatures (collateral kills)
  A two-headed ogre (D:9)
  A yak (D:10)
  An electric eel (D:9)
  4 orc priests
  An orc wizard (D:8)
  9 orcs (D:9)
17 creatures vanquished.

Vanquished Creatures (others)
  2 orc warriors (D:9)
  2 orc priests
  An orc wizard (D:10)
  14 orcs
19 creatures vanquished.

Grand Total: 203 creatures vanquished

Notes
Turn   | Place    | Note
-------+----------+-------------------------------------------
     0 | D:1      | Firecrotchwizard the Hill Orc Monk began the quest for the
                  | Orb.
     0 | D:1      | Reached XP level 1. HP: 19/19 MP: 1/1
   143 | D:1      | Reached XP level 2. HP: 18/27 MP: 2/2
   430 | D:1      | Reached skill level 1 in Armour
   501 | D:1      | Reached XP level 3. HP: 31/33 MP: 3/3
   842 | D:2      | Found a sparkling altar of Nemelex Xobeh.
   871 | D:2      | Reached skill level 5 in Axes
  1076 | D:3      | Found a faded altar of an unknown god.
  1301 | D:4      | Reached XP level 4. HP: 33/40 MP: 4/4
  1365 | D:4      | Noticed Edmund
  1383 | D:4      | Killed Edmund
  1384 | D:4      | Reached skill level 6 in Axes
  1384 | D:4      | Reached XP level 5. HP: 7/47 MP: 5/5
  1558 | D:4      | Noticed an ogre
  1578 | D:3      | Reached skill level 5 in Fighting
  1578 | D:3      | Reached XP level 6. HP: 41/56 MP: 6/6
  1762 | D:3      | Found a shadowy altar of Dithmenos.
  2077 | D:4      | Reached skill level 7 in Axes
  2160 | D:4      | Reached XP level 7. HP: 26/61 MP: 7/7
  2303 | D:4      | Reached skill level 8 in Axes
  2570 | D:5      | Entered Level 5 of the Dungeon
  2759 | D:5      | Noticed Menkaure
  2759 | D:5      | Noticed Prince Ribbit
  3408 | D:4      | Noticed Eustachio
  3421 | D:4      | Killed Eustachio
  3422 | D:4      | Reached skill level 9 in Axes
  3510 | D:4      | Killed Prince Ribbit
  3511 | D:4      | Reached XP level 8. HP: 35/71 MP: 8/8
  3634 | D:5      | Killed Menkaure
  3635 | D:5      | Reached skill level 5 in Armour
  3763 | D:5      | Reached skill level 10 in Axes
  3814 | D:5      | Became a worshipper of Beogh the Brigand
  3814 | D:5      | Reached * piety under Beogh
  3814 | D:5      | Reached ** piety under Beogh
  4080 | D:5      | Reached XP level 9. HP: 19/79 MP: 9/9
  4268 | D:5      | Found a broken altar of Ashenzari.
  4307 | D:5      | Found a staircase to the Ecumenical Temple.
  4315 | D:5      | Reached skill level 11 in Axes
  4870 | D:6      | Noticed Maggie
  4883 | D:6      | Killed Maggie
  5170 | D:6      | Found a burning altar of Makhleb.
  5209 | D:6      | Found an opulent altar of Gozag.
  5209 | D:6      | Found a glowing silver altar of Zin.
  5717 | D:7      | Reached skill level 1 in Invocations
  5744 | D:7      | Noticed a purple ugly thing
  5755 | D:7      | Killed a purple ugly thing
  5756 | D:7      | Reached skill level 12 in Axes
  5952 | D:7      | Noticed a troll
  5958 | D:7      | Killed a troll
  6198 | D:7      | Reached XP level 10. HP: 82/90 MP: 12/12
  6748 | D:8      | Reached skill level 13 in Axes
  7012 | D:8      | Noticed a two-headed ogre
  7023 | D:8      | Killed a two-headed ogre
  7155 | D:8      | Found a shimmering blue altar of Sif Muna.
  7201 | D:8      | Reached *** piety under Beogh
  7257 | D:8      | Noticed a deep troll
  7257 | D:8      | Noticed a deep troll
  7265 | D:8      | Killed a deep troll
  7266 | D:8      | Reached skill level 5 in Invocations
  7269 | D:8      | Killed a deep troll
  7270 | D:8      | Reached skill level 14 in Axes
  7374 | D:8      | Found the necklace of Bloodlust {Fury *Rage Will++ Int-3
                  | Slay+6}
  7454 | D:8      | Found a blossoming altar of Fedhas.
  7597 | D:9      | Noticed a green ugly thing
  7605 | D:9      | Killed a green ugly thing
  7906 | D:9      | Found a staircase to the Orcish Mines.
  7914 | D:9      | Reached skill level 10 in Fighting
  8239 | D:9      | Reached XP level 11. HP: 99/99 MP: 15/15
  8811 | D:9      | Found a staircase to the Lair.
  8813 | D:9      | Gained Ogrik as an ally
  9101 | D:9      | Found a snail-covered altar of Cheibriados.
  9101 | D:9      | Found a sparkling altar of Nemelex Xobeh.
  9185 | D:10     | Entered Level 10 of the Dungeon
  9211 | D:10     | Noticed a two-headed ogre
  9221 | D:9      | Killed a two-headed ogre
  9259 | D:10     | Found a radiant altar of Vehumet.
  9262 | D:10     | Found a bloodstained altar of Trog.
  9298 | D:10     | Found an iron altar of Okawaru.
  9360 | D:10     | Reached skill level 15 in Axes
  9496 | D:10     | Found a portal to a secret trove of treasure.
  9568 | D:10     | Slain by a molten gargoyle

Illustrated notes

Levels and vault maps discovered:
D:1:      dpeg_arrival_pond, layout_basic, minmay_pentomino_t2
D:2:      layout_loops_ring, basic_altar, small_statue_intersection,
          minmay_tall_x
D:3:      layout_basic, overflow_temple_1_default,
          hellmonk_ecumenical_altar_zigzags
D:4:      layout_basic, serial_bayou, serial_bayou_pond_a,
          serial_bayou_lagoon_a, serial_bayou_shore_b, serial_bayou_shore_a,
          minmay_goblin_kobold_house, uniq_edmund, uniq_eustachio
D:5:      layout_cave_pools, mainiacjoe_overflow_alcove_2,
          minmay_temple_entry_offerings, serial_bayou, serial_bayou_ford_a,
          serial_bayou_pond_e, serial_bayou_lagoon_b, serial_bayou_pond_d,
          serial_bayou_pond_e, uniq_menkaure, uniq_prince_ribbit1
D:6:      layout_basic, grunt_temple_overflow_gold_and_silver,
          mainiacjoe_overflow_six_doors_small, small_statue_intersection,
          nrook_mini_backslash, uniq_maggie
D:7:      layout_basic
D:8:      layout_basic, lemuel_blue_sif_altar, fedhas_altar_decomposition,
          hellmonk_guarded_unrand_vitality_bloodlust
D:9:      cheibrodos_helix_gallery, layout_basic,
          nicolae_overflow_two_pavilions, hiddenorc2_lemuel, grunt_ministairs_11
D:10:     layout_cave_pools, lemuel_crystal_altar, nicolae_overflow_squiral,
          enter_trove_0, abandoned_shop, minivault_8

Skill      XL: |  1  2  3  4  5  6  7  8  9 10 11 |
---------------+----------------------------------+-----
Armour         | 1 2 3 4 5 7 8 |  8.9
Fighting       | 4 5 6 7 8 10 | 10.4
Axes           | 5 6 7 9 10 12 14 15 | 15.2
Invocations    | 3 6 7 |  7.1
Dodging        | |  2.4

Action                     |  1- 3 |  4- 6 |  7- 9 | 10-12 || total
---------------------------+-------+-------+-------+-------++-------
  Melee: Hand axe          |     8 |       |       |       ||     8
         Dagger            |    74 |    48 |       |       ||   122
         War axe           |       |    18 |   150 |    91 ||   259
         Unarmed           |       |       |    12 |       ||    12
 Invoke: Convert to Beogh  |       |       |     1 |       ||     1
  Evoke: Wand              |       |       |     1 |     4 ||     5
    Use: Scroll            |       |       |    19 |       ||    19
   Stab: Confused          |       |       |     1 |       ||     1
 Armour: Robe              |    10 |       |       |       ||    10
         Ring mail         |     2 |    22 |       |       ||    24
         Skin              |       |       |     9 |       ||     9
         Scale mail        |       |       |    14 |     4 ||    18
         Chain mail        |       |       |       |    13 ||    13
         Plate armour      |       |       |       |    29 ||    29
         Acid dragon scale |       |       |       |     2 ||     2
  Dodge: Dodged            |    47 |    38 |   110 |    53 ||   248
